Blues vs Golden Knights
Created - June 10, 2023 at 20:21
Goals
|
| Blues |
0 |
2 |
0 |
0 |
0 |
2 |
| Golden Knights |
1 |
1 |
0 |
0 |
1 |
3 |
|
Shots
|
| Blues |
9 |
12 |
11 |
9 |
1 |
42 |
| Golden Knights |
9 |
11 |
11 |
11 |
3 |
45 |
|
1st period
1. Golden Knights , Alexander Radulov 1 (Mathew Dumba 1) at 2:22 (PP)
Penalties :
Adam Henrique (Stl) for Hooking (Minor) at 1:36, Carey Price (Stl) for Delaying the game (Minor) at 1:49 - Tyler Johnson served the penalty, Jake Guentzel (Veg) for Hooking (Minor) at 9:36
2nd period
2. Blues , Martin Marincin 1 (David Perron 1, Nathan MacKinnon 2) at 4:18
3. Blues , Filip Forsberg 2 (Adam Henrique 1, Tyler Johnson 1) at 5:41 (PP)
4. Golden Knights , Jamie Oleksiak 1 (Steven Stamkos 4, Jake Guentzel 3) at 14:33
Penalties :
Tom Wilson (Veg) for High sticking (Minor) at 5:23
3rd period
No Goal
Penalties :
Matt Martin (Stl) for Elbowing (Minor) at 4:00, Matt Martin (Stl) for High sticking (Minor) at 10:05
Overtime #1
No Goal
Penalties :
Steven Stamkos (Veg) for Interference (Minor) at 12:42
Overtime #2
5. Golden Knights , Luke Glendening 3 (Tomas Nosek 1, Ondrej Pavelec) at 5:48
Penalties :
No Penalty
Goalie Stats
Carey Price (Stl), 42 saves from 45 shots - (0.933), OTL, 1-2-1, 85:48 minutes
Ondrej Pavelec (Veg), 40 saves from 42 shots - (0.952), W, 3-0-1, 85:48 minutes
Players Stats for Blues
Player Name G A P +/- PIM S H SB GA TA FO MP PP MP PK MP
------------------------------------------------------------------------------------
Adam Henrique 0 1 1 -1 2 4 2 0 1 0 14/33 28:25 2:26 1:07
Alex Pietrangelo 0 0 0 0 0 3 3 2 1 1 0/0 36:46 1:52 2:31
Brandon Montour 0 0 0 0 0 0 0 0 0 1 0/0 22:31 2:22 0:00
Cody Ceci 0 0 0 -1 0 0 0 4 0 0 0/0 26:59 0:52 3:39
Danton Heinen 0 0 0 0 0 1 2 0 0 0 0/2 13:19 0:51 0:00
David Perron 0 1 1 0 0 3 3 0 0 0 1/1 24:32 0:45 1:51
Devin Setoguchi 0 0 0 0 0 4 2 0 0 0 0/1 16:38 0:39 0:00
Drew Shore 0 0 0 0 0 2 1 0 0 1 7/13 19:59 0:26 3:17
Filip Forsberg 1 0 1 -1 0 5 1 1 0 0 2/2 27:20 2:33 0:00
Jacob Slavin 0 0 0 0 0 3 0 0 0 0 0/0 36:29 1:13 2:31
Linus Omark 0 0 0 0 0 3 3 2 0 0 1/2 15:03 0:50 1:46
Martin Marincin 1 0 1 0 0 2 1 0 0 0 0/0 19:58 0:02 3:39
Matt Martin 0 0 0 0 4 1 1 1 2 2 1/1 16:23 0:08 0:00
Nathan MacKinnon 0 1 1 0 0 2 2 0 1 0 11/16 22:30 0:45 0:00
Nikolaj Ehlers 0 0 0 0 0 1 1 0 0 0 0/0 22:37 0:45 0:00
Samuel Morin 0 0 0 0 0 2 1 0 0 1 1/1 13:38 0:00 1:30
Seth Jones 0 0 0 -1 0 4 1 2 3 0 0/0 29:04 2:22 0:00
Tyler Johnson 0 1 1 -1 0 2 5 1 1 1 3/5 30:03 2:29 2:16
Players Stats for Golden Knights
Player Name G A P +/- PIM S H SB GA TA FO MP PP MP PK MP
------------------------------------------------------------------------------------
Alexander Radulov 1 0 1 -1 0 3 3 1 0 0 1/2 26:05 2:47 0:00
Andrei Loktionov 0 0 0 -1 0 5 0 0 0 1 8/16 26:48 2:47 0:42
Andrew Cogliano 0 0 0 -1 0 5 3 1 0 1 0/0 27:25 2:47 1:13
Anton Lindholm 0 0 0 2 0 0 1 2 0 1 0/0 18:55 0:00 0:31
Christopher Tanev 0 0 0 0 0 1 0 2 0 1 0/0 29:14 3:02 1:48
Jake Guentzel 0 1 1 1 2 5 0 0 0 0 0/0 29:03 3:22 1:10
Jamie Benn 0 0 0 1 0 2 2 0 0 0 0/0 18:20 0:01 1:38
Jamie Oleksiak 1 0 1 2 0 4 0 1 0 0 0/0 18:52 0:00 0:28
Jordan Eberle 0 0 0 1 0 2 3 2 1 0 4/7 27:56 3:22 0:00
Kyle Rau 0 0 0 1 0 1 1 1 0 1 4/10 17:27 0:00 1:05
Lawson Crouse 0 0 0 0 0 0 1 1 1 0 0/0 11:16 0:00 0:15
Luke Glendening 1 0 1 0 0 2 0 1 0 0 0/0 10:52 0:00 0:00
Mathew Dumba 0 1 1 -1 0 1 3 2 1 1 0/0 37:42 3:08 2:00
Olli Maatta 0 0 0 0 0 0 0 1 0 1 0/0 29:14 3:02 1:48
Steven Stamkos 0 1 1 1 2 7 5 1 2 1 17/39 29:42 3:23 1:35
Tom Wilson 0 0 0 1 2 2 3 1 1 0 0/0 16:29 0:01 0:00
Tomas Nosek 0 1 1 0 0 0 0 0 0 0 2/3 11:39 0:00 0:51
Zach Bogosian 0 0 0 -1 0 5 0 2 1 1 0/0 37:42 3:08 2:00
3 Stars
1 - Ondrej Pavelec (Veg)
2 - Jamie Oleksiak (Veg)
3 - Carey Price (Stl)
Power Play
Blues - 1 on 3 Attempt(s) - 33.33%
Golden Knights - 1 on 4 Attempt(s) - 25.00%
Penalty Kill
Blues - 3 on 4 Attempt(s) - 75.00%
- Score 0 goal in Penalty Kill
Golden Knights - 2 on 3 Attempt(s) - 66.67%
- Score 0 goal in Penalty Kill
Team Stat
Blues - Hits : 29 - Faceoff Wins : 41 - Blocked Shots : 13 - Penalty Minutes : 8
Golden Knights - Hits : 25 - Faceoff Wins : 36 - Blocked Shots : 19 - Penalty Minutes : 6
Official
Referees : Justin St. Pierre and Dan Kelly
Linesman : Ryan Galloway and Libor Suchanek
Game Notes
No Game Note
Finance
Level 1 -- Attendance: 6000 (100.00%) -- Ticket Income $600,000
Level 2 -- Attendance: 5000 (100.00%) -- Ticket Income $300,000
Level 3 -- Attendance: 2000 (100.00%) -- Ticket Income $70,000
Level 4 -- Attendance: 4000 (100.00%) -- Ticket Income $100,000
Luxury Box -- Attendance: 1000 (100.00%) -- Ticket Income $200,000
Game was played at the T-Mobile Arena.
Total Attendance: 18000 (100.00%)
Total Ticket Income: $1,270,000
Other Income: $190,500
Total Income: $1,460,500
Blues
5 vs 5 Forward
Center Left Wing Right Wing Time % Phy DF OF
1 Adam Henrique Filip Forsberg Tyler Johnson 40 0 2 3
2 Nathan MacKinnon David Perron Nikolaj Ehlers 30 0 2 3
3 Drew Shore Matt Martin Devin Setoguchi 20 1 2 2
4 Linus Omark Samuel Morin Danton Heinen 10 0 3 2
5 vs 5 Defense
Defense Defense Time % Phy DF OF
1 Alex Pietrangelo Jacob Slavin 40 1 2 2
2 Cody Ceci Seth Jones 30 1 2 2
3 Martin Marincin Brandon Montour 20 1 2 2
4 Seth Jones Brandon Montour 10 1 2 2
PowerPlay Forward
Center Left Wing Right Wing Time % Phy DF OF
1 Adam Henrique Filip Forsberg Tyler Johnson 60 0 2 3
2 Nathan MacKinnon David Perron Nikolaj Ehlers 40 0 2 3
PowerPlay Defense
Defense Defense Time % Phy DF OF
1 Alex Pietrangelo Jacob Slavin 60 0 2 3
2 Brandon Montour Seth Jones 40 0 2 3
Penalty Kill 4 Players Forward
Center Wing Time % Phy DF OF
1 Drew Shore Tyler Johnson 60 1 3 1
2 Linus Omark Samuel Morin 40 1 3 1
Penalty Kill 4 Players Defense
Defense Defense Time % Phy DF OF
1 Cody Ceci Martin Marincin 60 1 2 2
2 Jacob Slavin Alex Pietrangelo 40 1 2 2
Penalty Kill - 3 Players Forward
Forward Time % Phy DF OF
1 Drew Shore 60 1 2 2
2 Linus Omark 40 1 2 2
Penalty Kill - 3 Players Defense
Defense Defense Time % Phy DF OF
1 Cody Ceci Martin Marincin 60 1 2 2
2 Seth Jones Brandon Montour 40 1 2 2
4 vs 4 Forward
Center Wing Time % Phy DF OF
1 Adam Henrique Filip Forsberg 60 1 2 2
2 Nathan MacKinnon Tyler Johnson 40 1 2 2
4 vs 4 Defense
Defense Defense Time % Phy DF OF
1 Alex Pietrangelo Martin Marincin 60 1 2 2
2 Brandon Montour Seth Jones 40 1 2 2
Last Minutes Offensive
Center Left Wing Right Wing Defense Defense
Nathan MacKinnon Filip Forsberg Tyler Johnson Alex Pietrangelo Seth Jones
Last Minutes Defensive
Center Left Wing Right Wing Defense Defense
Drew Shore Samuel Morin Tyler Johnson Cody Ceci Martin Marincin
Goaltenders
Starting : Carey Price
Backup : Thomas McCollum
Extra Forwards
Normal : Nikolaj Ehlers, Linus Omark, Danton Heinen - PP : Devin Setoguchi, Linus Omark - PK : Tyler Johnson
Extra Defensemen
Normal : Martin Marincin, Brandon Montour, Jacob Slavin - PP : Brandon Montour - PK : Alex Pietrangelo, Brandon Montour
Penalty Shots
David Perron, Matt Martin, Filip Forsberg, Linus Omark, Tyler Johnson
Scratches
Devin Shore (Broken Left Index Finger Injury), Patrick Kaleta (Healthy)
Golden Knights
5 vs 5 Forward
Center Left Wing Right Wing Time % Phy DF OF
1 Steven Stamkos Jake Guentzel Jordan Eberle 40 1 2 2
2 Andrei Loktionov Andrew Cogliano Alexander Radulov 30 1 2 2
3 Kyle Rau Jamie Benn Tom Wilson 20 1 2 2
4 Tomas Nosek Lawson Crouse Luke Glendening 10 1 2 2
5 vs 5 Defense
Defense Defense Time % Phy DF OF
1 Zach Bogosian Mathew Dumba 40 1 2 2
2 Olli Maatta Christopher Tanev 30 1 2 2
3 Jamie Oleksiak Anton Lindholm 20 1 2 2
4 Zach Bogosian Mathew Dumba 10 1 2 2
PowerPlay Forward
Center Left Wing Right Wing Time % Phy DF OF
1 Steven Stamkos Jake Guentzel Jordan Eberle 60 1 2 2
2 Andrei Loktionov Andrew Cogliano Alexander Radulov 40 1 2 2
PowerPlay Defense
Defense Defense Time % Phy DF OF
1 Zach Bogosian Mathew Dumba 60 1 2 2
2 Olli Maatta Christopher Tanev 40 1 2 2
Penalty Kill 4 Players Forward
Center Wing Time % Phy DF OF
1 Steven Stamkos Jake Guentzel 60 1 2 2
2 Andrei Loktionov Andrew Cogliano 40 1 2 2
Penalty Kill 4 Players Defense
Defense Defense Time % Phy DF OF
1 Zach Bogosian Mathew Dumba 60 1 2 2
2 Olli Maatta Christopher Tanev 40 1 2 2
Penalty Kill - 3 Players Forward
Forward Time % Phy DF OF
1 Steven Stamkos 60 1 2 2
2 Andrei Loktionov 40 1 2 2
Penalty Kill - 3 Players Defense
Defense Defense Time % Phy DF OF
1 Zach Bogosian Mathew Dumba 60 1 2 2
2 Olli Maatta Christopher Tanev 40 1 2 2
4 vs 4 Forward
Center Wing Time % Phy DF OF
1 Steven Stamkos Jake Guentzel 60 1 2 2
2 Andrei Loktionov Andrew Cogliano 40 1 2 2
4 vs 4 Defense
Defense Defense Time % Phy DF OF
1 Zach Bogosian Mathew Dumba 60 1 2 2
2 Olli Maatta Christopher Tanev 40 1 2 2
Last Minutes Offensive
Center Left Wing Right Wing Defense Defense
Steven Stamkos Jake Guentzel Jordan Eberle Zach Bogosian Mathew Dumba
Last Minutes Defensive
Center Left Wing Right Wing Defense Defense
Steven Stamkos Jake Guentzel Jordan Eberle Zach Bogosian Mathew Dumba
Goaltenders
Starting : Ondrej Pavelec
Backup : Laurent Brossoit
Extra Forwards
Normal : Andrew Cogliano, Jamie Benn, Alexander Radulov - PP : Andrew Cogliano, Jamie Benn - PK : Andrew Cogliano
Extra Defensemen
Normal : Christopher Tanev, Jamie Oleksiak, Anton Lindholm - PP : Christopher Tanev - PK : Christopher Tanev, Jamie Oleksiak
Penalty Shots
Steven Stamkos, Jordan Eberle, Jake Guentzel, Andrei Loktionov, Andrew Cogliano
Scratches
None
% Time on Ice - Blues
Lines # - Real PCT - Wanted PCT - Time Play
Normal Forward
1 - 34% - 40% - 25:52
2 - 29% - 30% - 21:46
3 - 21% - 20% - 15:37
4 - 16% - 10% - 12:07
Normal Defense
1 - 43% - 40% - 32:11
2 - 31% - 30% - 23:02
3 - 20% - 20% - 15:13
4 - 7% - 10% - 4:56
PP Forward
1 - 82% - 60% - 3:31
2 - 18% - 40% - 0:45
PP Defense
1 - 45% - 60% - 1:54
2 - 55% - 40% - 2:22
PK Forward
1 - 73% - 60% - 4:07
2 - 27% - 40% - 1:30
PK Defense
1 - 55% - 60% - 3:06
2 - 45% - 40% - 2:31
PK3 Forward
1 - 52% - 60% - 0:17
2 - 48% - 40% - 0:16
PK3 Defense
1 - 100% - 60% - 0:33
2 - 0% - 40% - 0:00
44 Forward
1 - 0% - 60%
2 - 0% - 40%
44 Defense
1 - 0% - 60%
2 - 0% - 40%
Last Minute Offensive - 0:00
Last Minute Defensive - 0:00
Total
Forward - 85:48
Defense - 85:48
|
% Time on Ice - Golden Knights
Lines # - Real PCT - Wanted PCT - Time Play
Normal Forward
1 - 33% - 40% - 25:02
2 - 31% - 30% - 23:06
3 - 22% - 20% - 16:22
4 - 14% - 10% - 10:52
Normal Defense
1 - 36% - 40% - 27:25
2 - 32% - 30% - 24:24
3 - 24% - 20% - 18:24
4 - 7% - 10% - 5:09
PP Forward
1 - 55% - 60% - 3:23
2 - 45% - 40% - 2:47
PP Defense
1 - 51% - 60% - 3:08
2 - 49% - 40% - 3:02
PK Forward
1 - 100% - 60% - 4:16
2 - 0% - 40% - 0:00
PK Defense
1 - 58% - 60% - 2:28
2 - 42% - 40% - 1:48
PK3 Forward
1 - 0% - 60%
2 - 0% - 40%
PK3 Defense
1 - 0% - 60%
2 - 0% - 40%
44 Forward
1 - 0% - 60%
2 - 0% - 40%
44 Defense
1 - 0% - 60%
2 - 0% - 40%
Last Minute Offensive - 0:00
Last Minute Defensive - 0:00
Total
Forward - 85:48
Defense - 85:48
|
Play-by-Play
1st period
0:01 of 1st period - Steven Stamkos wins face-off versus Adam Henrique in neutral zone.
0:06 of 1st period - Jacob Slavin is hit by Mathew Dumba and loses puck.
0:58 of 1st period - Slapshot by Nikolaj Ehlers.
0:58 of 1st period - Shot Misses the Net.
1:01 of 1st period - Icing by Kyle Rau.
1:02 of 1st period - Kyle Rau wins face-off versus Danton Heinen in Golden Knights zone.
1:09 of 1st period - Snap shot by Tom Wilson.
1:09 of 1st period - Shot Misses the Net.
1:11 of 1st period - Wrist shot by Kyle Rau.
1:11 of 1st period - Shot Blocked by Linus Omark.
1:13 of 1st period - Wrist shot by Christopher Tanev.
1:13 of 1st period - Shot Blocked by Cody Ceci.
1:23 of 1st period - Wrist shot by Tom Wilson.
1:23 of 1st period - Shot Blocked by Tyler Johnson.
1:25 of 1st period - Snap shot by Kyle Rau.
1:25 of 1st period - Shot Blocked by Cody Ceci.
1:27 of 1st period - Slapshot by Christopher Tanev.
1:27 of 1st period - Stopped by Carey Price with a rebound.
1:29 of 1st period - Snap shot by Jamie Benn.
1:29 of 1st period - Stopped by Carey Price with a rebound.
1:36 of 1st period - Minor Penalty to Adam Henrique for Hooking.
1:37 of 1st period - Steven Stamkos wins face-off versus Drew Shore in Blues zone.
1:49 of 1st period - Wrist shot by Steven Stamkos.
1:49 of 1st period - Stopped by Carey Price without a rebound.
1:49 of 1st period - Minor Penalty to Carey Price for Delaying the game.
1:50 of 1st period - Jordan Eberle wins face-off versus Drew Shore in Blues zone.
2:17 of 1st period - Cody Ceci is hit by Andrew Cogliano and loses puck.
2:22 of 1st period - Slapshot by Alexander Radulov.
2:22 of 1st period - Goal by Alexander Radulov - Blues : 0 - Golden Knights : 1.
2:23 of 1st period - Drew Shore wins face-off versus Steven Stamkos in neutral zone.
3:45 of 1st period - Olli Maatta is hit by Linus Omark and loses puck.
3:49 of 1st period - Penalty to Tyler Johnson is over, Tyler Johnson is back on ice.
3:56 of 1st period - Snap shot by Luke Glendening.
3:56 of 1st period - Shot Misses the Net.
5:01 of 1st period - Backhand shot by Nathan MacKinnon.
5:01 of 1st period - Shot Blocked by Anton Lindholm.
5:20 of 1st period - Off-side.
5:21 of 1st period - Steven Stamkos wins face-off versus Adam Henrique in neutral zone.
6:36 of 1st period - Wrist shot by Danton Heinen.
6:36 of 1st period - Shot Blocked by Jamie Oleksiak.
6:38 of 1st period - Wrist shot by Samuel Morin.
6:38 of 1st period - Shot Blocked by Andrew Cogliano.
6:58 of 1st period - Snap shot by Jake Guentzel.
6:58 of 1st period - Deflect By Steven Stamkos.
6:58 of 1st period - Stopped by Carey Price with a rebound.
7:00 of 1st period - Slapshot by Jake Guentzel.
7:00 of 1st period - Stopped by Carey Price without a rebound.
7:01 of 1st period - Steven Stamkos wins face-off versus Adam Henrique in Blues zone.
7:26 of 1st period - Olli Maatta is hit by David Perron.
7:43 of 1st period - Icing by Nikolaj Ehlers.
7:44 of 1st period - Drew Shore wins face-off versus Tomas Nosek in Blues zone.
7:51 of 1st period - Snap shot by Matt Martin.
7:51 of 1st period - Stopped by Ondrej Pavelec with a rebound.
8:10 of 1st period - Tyler Johnson is hit by Steven Stamkos.
8:17 of 1st period - Off-side.
8:18 of 1st period - Steven Stamkos wins face-off versus Nathan MacKinnon in neutral zone.
8:21 of 1st period - Snap shot by Jake Guentzel.
8:21 of 1st period - Shot Blocked by Seth Jones.
8:51 of 1st period - Snap shot by Andrei Loktionov.
8:51 of 1st period - Stopped by Carey Price with a rebound.
9:16 of 1st period - Snap shot by Drew Shore.
9:16 of 1st period - Stopped by Ondrej Pavelec without a rebound.
9:17 of 1st period - David Perron wins face-off versus Steven Stamkos in Golden Knights zone.
9:30 of 1st period - Slapshot by David Perron.
9:30 of 1st period - Stopped by Ondrej Pavelec without a rebound.
9:31 of 1st period - Adam Henrique wins face-off versus Jordan Eberle in Golden Knights zone.
9:34 of 1st period - Snap shot by Filip Forsberg.
9:34 of 1st period - Stopped by Ondrej Pavelec with a rebound.
9:36 of 1st period - Minor Penalty to Jake Guentzel for Hooking.
9:37 of 1st period - Steven Stamkos wins face-off versus Adam Henrique in Golden Knights zone.
9:52 of 1st period - Snap shot by Adam Henrique.
9:52 of 1st period - Stopped by Ondrej Pavelec without a rebound.
9:53 of 1st period - Adam Henrique wins face-off versus Steven Stamkos in Golden Knights zone.
9:56 of 1st period - Slapshot by Alex Pietrangelo.
9:56 of 1st period - Deflect By Tyler Johnson.
9:56 of 1st period - Shot Blocked by Mathew Dumba.
9:56 of 1st period - Puck is out of play.
9:57 of 1st period - Steven Stamkos wins face-off versus Adam Henrique in Golden Knights zone.
11:36 of 1st period - Penalty to Jake Guentzel is over, Jake Guentzel is back on ice.
11:46 of 1st period - Tomas Nosek is hit by Alex Pietrangelo and loses puck.
12:24 of 1st period - Slapshot by Andrew Cogliano.
12:24 of 1st period - Stopped by Carey Price with a rebound.
12:44 of 1st period - Alex Pietrangelo is hit by Tom Wilson and loses puck.
13:37 of 1st period - Christopher Tanev is hit by Samuel Morin and loses puck.
13:44 of 1st period - Slapshot by Danton Heinen.
13:44 of 1st period - Shot Misses the Net.
13:46 of 1st period - Snap shot by Samuel Morin.
13:46 of 1st period - Shot Misses the Net.
14:19 of 1st period - Andrew Cogliano is hit by Tyler Johnson and loses puck.
14:36 of 1st period - Snap shot by Devin Setoguchi.
14:36 of 1st period - Stopped by Ondrej Pavelec with a rebound.
14:38 of 1st period - Snap shot by Drew Shore.
14:38 of 1st period - Shot Misses the Net.
14:40 of 1st period - Slapshot by Martin Marincin.
14:40 of 1st period - Shot Blocked by Luke Glendening.
15:13 of 1st period - Icing by Jacob Slavin.
15:14 of 1st period - Andrei Loktionov wins face-off versus Adam Henrique in Blues zone.
15:17 of 1st period - Wrist shot by Andrei Loktionov.
15:17 of 1st period - Shot Misses the Net.
15:45 of 1st period - Wrist shot by Nikolaj Ehlers.
15:45 of 1st period - Deflect By Nathan MacKinnon.
15:45 of 1st period - Shot Blocked by Zach Bogosian.
15:45 of 1st period - Puck is out of play.
15:46 of 1st period - Nathan MacKinnon wins face-off versus Kyle Rau in Golden Knights zone.
16:40 of 1st period - Wrist shot by Zach Bogosian.
16:40 of 1st period - Deflect By Linus Omark.
16:40 of 1st period - Stopped by Carey Price without a rebound.
16:41 of 1st period - Samuel Morin wins face-off versus Andrei Loktionov in Blues zone.
17:17 of 1st period - Icing by Jacob Slavin.
17:18 of 1st period - Linus Omark wins face-off versus Steven Stamkos in Blues zone.
17:35 of 1st period - Alex Pietrangelo is hit by Jordan Eberle and loses puck.
17:58 of 1st period - Slapshot by Jacob Slavin.
17:58 of 1st period - Stopped by Ondrej Pavelec with a rebound.
18:00 of 1st period - Wrist shot by Samuel Morin.
18:00 of 1st period - Shot Blocked by Mathew Dumba.
18:02 of 1st period - Snap shot by Linus Omark.
18:02 of 1st period - Shot Misses the Net.
18:04 of 1st period - Backhand shot by Linus Omark.
18:04 of 1st period - Stopped by Ondrej Pavelec without a rebound.
18:05 of 1st period - Steven Stamkos wins face-off versus Adam Henrique in Golden Knights zone.
18:16 of 1st period - Snap shot by Filip Forsberg.
18:16 of 1st period - Stopped by Ondrej Pavelec with a rebound.
18:56 of 1st period - Brandon Montour is hit by Jamie Benn.
Goals for this period are 0 for Blues vs 1 for Golden Knights.
Shots for this period are 9 for Blues vs 9 for Golden Knights.
2nd period
0:01 of 2nd period - Steven Stamkos wins face-off versus Adam Henrique in neutral zone.
0:32 of 2nd period - Backhand shot by Zach Bogosian.
0:32 of 2nd period - Stopped by Carey Price with a rebound.
0:48 of 2nd period - Cody Ceci is hit by Andrew Cogliano and loses puck.
1:11 of 2nd period - Slapshot by Kyle Rau.
1:11 of 2nd period - Shot Misses the Net.
1:20 of 2nd period - Snap shot by Adam Henrique.
1:20 of 2nd period - Stopped by Ondrej Pavelec with a rebound.
1:22 of 2nd period - Snap shot by Seth Jones.
1:22 of 2nd period - Stopped by Ondrej Pavelec without a rebound.
1:23 of 2nd period - Andrei Loktionov wins face-off versus Drew Shore in Golden Knights zone.
1:56 of 2nd period - Wrist shot by Jamie Benn.
1:56 of 2nd period - Shot Misses the Net.
2:01 of 2nd period - Off-side.
2:02 of 2nd period - Adam Henrique wins face-off versus Steven Stamkos in neutral zone.
2:09 of 2nd period - Snap shot by Filip Forsberg.
2:09 of 2nd period - Shot Blocked by Zach Bogosian.
2:34 of 2nd period - Jake Guentzel is hit by Devin Setoguchi and loses puck.
2:39 of 2nd period - Slapshot by Devin Setoguchi.
2:39 of 2nd period - Stopped by Ondrej Pavelec without a rebound.
2:40 of 2nd period - Andrei Loktionov wins face-off versus Adam Henrique in Golden Knights zone.
3:36 of 2nd period - Snap shot by Samuel Morin.
3:36 of 2nd period - Deflect By Olli Maatta.
3:36 of 2nd period - Shot Blocked by Christopher Tanev.
3:36 of 2nd period - Puck is out of play.
3:37 of 2nd period - Adam Henrique wins face-off versus Steven Stamkos in Golden Knights zone.
3:40 of 2nd period - Wrist shot by Adam Henrique.
3:40 of 2nd period - Stopped by Ondrej Pavelec with a rebound.
4:16 of 2nd period - Wrist shot by David Perron.
4:16 of 2nd period - Shot Blocked by Alexander Radulov.
4:18 of 2nd period - Slapshot by Martin Marincin.
4:18 of 2nd period - Goal by Martin Marincin - Blues : 1 - Golden Knights : 1.
4:19 of 2nd period - Adam Henrique wins face-off versus Steven Stamkos in neutral zone.
5:15 of 2nd period - Wrist shot by Matt Martin.
5:15 of 2nd period - Shot Misses the Net.
5:23 of 2nd period - Minor Penalty to Tom Wilson for High sticking.
5:24 of 2nd period - Steven Stamkos wins face-off versus Adam Henrique in Golden Knights zone.
5:41 of 2nd period - Slapshot by Filip Forsberg.
5:41 of 2nd period - Goal by Filip Forsberg - Blues : 2 - Golden Knights : 1.
5:42 of 2nd period - Adam Henrique wins face-off versus Steven Stamkos in neutral zone.
6:57 of 2nd period - Wrist shot by Zach Bogosian.
6:57 of 2nd period - Stopped by Carey Price without a rebound.
6:58 of 2nd period - Adam Henrique wins face-off versus Andrei Loktionov in Blues zone.
7:07 of 2nd period - Slapshot by Jacob Slavin.
7:07 of 2nd period - Stopped by Ondrej Pavelec without a rebound.
7:08 of 2nd period - Adam Henrique wins face-off versus Alexander Radulov in Golden Knights zone.
7:15 of 2nd period - Wrist shot by Tyler Johnson.
7:15 of 2nd period - Stopped by Ondrej Pavelec without a rebound.
7:16 of 2nd period - Adam Henrique wins face-off versus Steven Stamkos in Golden Knights zone.
7:39 of 2nd period - Steven Stamkos is hit by Adam Henrique and loses puck.
7:54 of 2nd period - Slapshot by Seth Jones.
7:54 of 2nd period - Shot Misses the Net.
8:08 of 2nd period - Backhand shot by Jake Guentzel.
8:08 of 2nd period - Stopped by Carey Price without a rebound.
8:09 of 2nd period - Nathan MacKinnon wins face-off versus Andrei Loktionov in Blues zone.
8:23 of 2nd period - Wrist shot by Andrei Loktionov.
8:23 of 2nd period - Stopped by Carey Price with a rebound.
9:19 of 2nd period - Anton Lindholm is hit by Alex Pietrangelo and loses puck.
10:05 of 2nd period - Matt Martin is hit by Tom Wilson and loses puck.
10:21 of 2nd period - Christopher Tanev is hit by Danton Heinen and loses puck.
11:10 of 2nd period - Mathew Dumba is hit by Nathan MacKinnon and loses puck.
11:25 of 2nd period - Slapshot by Andrew Cogliano.
11:25 of 2nd period - Stopped by Carey Price with a rebound.
11:27 of 2nd period - Slapshot by Mathew Dumba.
11:27 of 2nd period - Deflect By Andrei Loktionov.
11:27 of 2nd period - Shot Blocked by Seth Jones.
11:27 of 2nd period - Puck is out of play.
11:28 of 2nd period - Jordan Eberle wins face-off versus Tyler Johnson in Blues zone.
11:35 of 2nd period - Snap shot by Jordan Eberle.
11:35 of 2nd period - Shot Misses the Net.
11:47 of 2nd period - Anton Lindholm is hit by Tyler Johnson and loses puck.
12:05 of 2nd period - Off-side.
12:06 of 2nd period - Andrei Loktionov wins face-off versus Nathan MacKinnon in neutral zone.
13:23 of 2nd period - Slapshot by Alex Pietrangelo.
13:23 of 2nd period - Shot Misses the Net.
14:11 of 2nd period - Slapshot by Samuel Morin.
14:11 of 2nd period - Shot Blocked by Lawson Crouse.
14:13 of 2nd period - Wrist shot by Samuel Morin.
14:13 of 2nd period - Shot Misses the Net.
14:23 of 2nd period - Snap shot by Steven Stamkos.
14:23 of 2nd period - Deflect By Jordan Eberle.
14:23 of 2nd period - Stopped by Carey Price with a rebound.
14:27 of 2nd period - Snap shot by Steven Stamkos.
14:27 of 2nd period - Stopped by Carey Price with a rebound.
14:29 of 2nd period - Wrist shot by Steven Stamkos.
14:29 of 2nd period - Shot Misses the Net.
14:31 of 2nd period - Slapshot by Jamie Oleksiak.
14:31 of 2nd period - Stopped by Carey Price with a rebound.
14:33 of 2nd period - Slapshot by Jamie Oleksiak.
14:33 of 2nd period - Deflect By Adam Henrique.
14:33 of 2nd period - Goal by Jamie Oleksiak - Blues : 2 - Golden Knights : 2.
14:34 of 2nd period - Steven Stamkos wins face-off versus Adam Henrique in neutral zone.
14:38 of 2nd period - Icing by Alex Pietrangelo.
14:39 of 2nd period - Tyler Johnson wins face-off versus Steven Stamkos in Blues zone.
15:14 of 2nd period - Snap shot by Jacob Slavin.
15:14 of 2nd period - Stopped by Ondrej Pavelec with a rebound.
15:16 of 2nd period - Wrist shot by Tyler Johnson.
15:16 of 2nd period - Shot Blocked by Jordan Eberle.
15:18 of 2nd period - Snap shot by Adam Henrique.
15:18 of 2nd period - Deflect By Filip Forsberg.
15:18 of 2nd period - Stopped by Ondrej Pavelec without a rebound.
15:19 of 2nd period - Alexander Radulov wins face-off versus Nathan MacKinnon in Golden Knights zone.
15:46 of 2nd period - Drew Shore is hit by Jamie Benn and loses puck.
16:08 of 2nd period - Icing by Jamie Oleksiak.
16:09 of 2nd period - Tomas Nosek wins face-off versus Danton Heinen in Golden Knights zone.
17:02 of 2nd period - Off-side.
17:03 of 2nd period - Nathan MacKinnon wins face-off versus Andrei Loktionov in neutral zone.
17:12 of 2nd period - Slapshot by Nathan MacKinnon.
17:12 of 2nd period - Stopped by Ondrej Pavelec without a rebound.
17:13 of 2nd period - Adam Henrique wins face-off versus Steven Stamkos in Golden Knights zone.
17:20 of 2nd period - Jake Guentzel is hit by Filip Forsberg and loses puck.
18:01 of 2nd period - Slapshot by Matt Martin.
18:01 of 2nd period - Deflect By Drew Shore.
18:01 of 2nd period - Shot Blocked by Tom Wilson.
18:01 of 2nd period - Puck is out of play.
18:02 of 2nd period - Drew Shore wins face-off versus Kyle Rau in Golden Knights zone.
18:03 of 2nd period - Slapshot by Alex Pietrangelo.
18:03 of 2nd period - Stopped by Ondrej Pavelec without a rebound.
18:04 of 2nd period - Kyle Rau wins face-off versus Drew Shore in Golden Knights zone.
18:13 of 2nd period - Snap shot by Jamie Benn.
18:13 of 2nd period - Stopped by Carey Price without a rebound.
18:14 of 2nd period - Steven Stamkos wins face-off versus Adam Henrique in Blues zone.
19:44 of 2nd period - Slapshot by Olli Maatta.
19:44 of 2nd period - Shot Blocked by Filip Forsberg.
19:50 of 2nd period - Wrist shot by Jordan Eberle.
19:50 of 2nd period - Deflect By Jake Guentzel.
19:50 of 2nd period - Stopped by Carey Price with a rebound.
19:52 of 2nd period - Wrist shot by Steven Stamkos.
19:52 of 2nd period - Shot Blocked by Cody Ceci.
Goals for this period are 2 for Blues vs 1 for Golden Knights.
Shots for this period are 12 for Blues vs 11 for Golden Knights.
3rd period
0:01 of 3rd period - Adam Henrique wins face-off versus Jordan Eberle in neutral zone.
0:12 of 3rd period - Tyler Johnson is hit by Steven Stamkos.
0:26 of 3rd period - Mathew Dumba is hit by Nathan MacKinnon and loses puck.
0:49 of 3rd period - Snap shot by Tom Wilson.
0:49 of 3rd period - Stopped by Carey Price without a rebound.
0:50 of 3rd period - Drew Shore wins face-off versus Kyle Rau in Blues zone.
1:15 of 3rd period - Mathew Dumba is hit by Tyler Johnson and loses puck.
2:00 of 3rd period - Andrew Cogliano is hit by Linus Omark and loses puck.
2:19 of 3rd period - Slapshot by Zach Bogosian.
2:19 of 3rd period - Shot Misses the Net.
2:23 of 3rd period - Wrist shot by Andrew Cogliano.
2:23 of 3rd period - Shot Misses the Net.
2:29 of 3rd period - Snap shot by Alexander Radulov.
2:29 of 3rd period - Stopped by Carey Price without a rebound.
2:30 of 3rd period - Jordan Eberle wins face-off versus Adam Henrique in Blues zone.
2:47 of 3rd period - Snap shot by Jordan Eberle.
2:47 of 3rd period - Deflect By Jake Guentzel.
2:47 of 3rd period - Stopped by Carey Price without a rebound.
2:48 of 3rd period - Nathan MacKinnon wins face-off versus Kyle Rau in Blues zone.
3:16 of 3rd period - Snap shot by Filip Forsberg.
3:16 of 3rd period - Deflect By Adam Henrique.
3:16 of 3rd period - Stopped by Ondrej Pavelec with a rebound.
3:18 of 3rd period - Slapshot by Jacob Slavin.
3:18 of 3rd period - Shot Blocked by Steven Stamkos.
3:20 of 3rd period - Slapshot by Jacob Slavin.
3:20 of 3rd period - Shot Blocked by Christopher Tanev.
3:36 of 3rd period - Slapshot by Andrei Loktionov.
3:36 of 3rd period - Stopped by Carey Price without a rebound.
3:37 of 3rd period - Andrei Loktionov wins face-off versus Drew Shore in Blues zone.
3:50 of 3rd period - Slapshot by Andrew Cogliano.
3:50 of 3rd period - Shot Blocked by Matt Martin.
3:52 of 3rd period - Snap shot by Andrei Loktionov.
3:52 of 3rd period - Stopped by Carey Price with a rebound.
3:54 of 3rd period - Wrist shot by Andrei Loktionov.
3:54 of 3rd period - Shot Misses the Net.
4:00 of 3rd period - Minor Penalty to Matt Martin for Elbowing.
4:01 of 3rd period - Drew Shore wins face-off versus Steven Stamkos in Blues zone.
4:01 of 3rd period - Drew Shore is hit by Mathew Dumba.
4:27 of 3rd period - Tyler Johnson is hit by Mathew Dumba and loses puck.
4:32 of 3rd period - Snap shot by Andrei Loktionov.
4:32 of 3rd period - Shot Blocked by Cody Ceci.
5:12 of 3rd period - Drew Shore is hit by Alexander Radulov and loses puck.
6:00 of 3rd period - Penalty to Matt Martin is over, Matt Martin is back on ice.
6:02 of 3rd period - David Perron is hit by Steven Stamkos and loses puck.
6:19 of 3rd period - Luke Glendening is hit by Martin Marincin and loses puck.
6:42 of 3rd period - Slapshot by Seth Jones.
6:42 of 3rd period - Stopped by Ondrej Pavelec without a rebound.
6:43 of 3rd period - Nathan MacKinnon wins face-off versus Kyle Rau in Golden Knights zone.
7:12 of 3rd period - Wrist shot by Adam Henrique.
7:12 of 3rd period - Shot Misses the Net.
8:12 of 3rd period - Off-side.
8:13 of 3rd period - Nathan MacKinnon wins face-off versus Andrei Loktionov in neutral zone.
8:16 of 3rd period - Snap shot by Jacob Slavin.
8:16 of 3rd period - Deflect By Nathan MacKinnon.
8:16 of 3rd period - Stopped by Ondrej Pavelec without a rebound.
8:17 of 3rd period - Andrei Loktionov wins face-off versus Adam Henrique in Golden Knights zone.
8:36 of 3rd period - Snap shot by Andrew Cogliano.
8:36 of 3rd period - Stopped by Carey Price with a rebound.
8:38 of 3rd period - Wrist shot by Andrew Cogliano.
8:38 of 3rd period - Shot Blocked by Alex Pietrangelo.
8:40 of 3rd period - Wrist shot by Andrew Cogliano.
8:40 of 3rd period - Stopped by Carey Price without a rebound.
8:41 of 3rd period - Nathan MacKinnon wins face-off versus Steven Stamkos in Blues zone.
9:30 of 3rd period - Lawson Crouse is hit by Tyler Johnson and loses puck.
10:05 of 3rd period - Minor Penalty to Matt Martin for High sticking.
10:06 of 3rd period - Drew Shore wins face-off versus Steven Stamkos in Blues zone.
10:21 of 3rd period - Snap shot by Steven Stamkos.
10:21 of 3rd period - Deflect By Jordan Eberle.
10:21 of 3rd period - Stopped by Carey Price with a rebound.
10:57 of 3rd period - Jacob Slavin is hit by Jordan Eberle and loses puck.
11:53 of 3rd period - Christopher Tanev is hit by David Perron.
12:05 of 3rd period - Penalty to Matt Martin is over, Matt Martin is back on ice.
12:41 of 3rd period - Slapshot by Jacob Slavin.
12:41 of 3rd period - Shot Blocked by Kyle Rau.
13:09 of 3rd period - Slapshot by Linus Omark.
13:09 of 3rd period - Stopped by Ondrej Pavelec without a rebound.
13:10 of 3rd period - Steven Stamkos wins face-off versus Linus Omark in Golden Knights zone.
13:47 of 3rd period - Slapshot by Danton Heinen.
13:47 of 3rd period - Shot Misses the Net.
13:49 of 3rd period - Snap shot by Linus Omark.
13:49 of 3rd period - Shot Misses the Net.
13:51 of 3rd period - Wrist shot by Linus Omark.
13:51 of 3rd period - Stopped by Ondrej Pavelec with a rebound.
13:53 of 3rd period - Snap shot by Brandon Montour.
13:53 of 3rd period - Shot Misses the Net.
13:55 of 3rd period - Snap shot by Martin Marincin.
13:55 of 3rd period - Shot Blocked by Olli Maatta.
13:57 of 3rd period - Slapshot by Martin Marincin.
13:57 of 3rd period - Stopped by Ondrej Pavelec with a rebound.
13:59 of 3rd period - Slapshot by Martin Marincin.
13:59 of 3rd period - Shot Misses the Net.
14:19 of 3rd period - Wrist shot by Danton Heinen.
14:19 of 3rd period - Stopped by Ondrej Pavelec without a rebound.
14:20 of 3rd period - Filip Forsberg wins face-off versus Steven Stamkos in Golden Knights zone.
14:23 of 3rd period - Snap shot by Filip Forsberg.
14:23 of 3rd period - Shot Misses the Net.
14:25 of 3rd period - Slapshot by Seth Jones.
14:25 of 3rd period - Shot Misses the Net.
14:27 of 3rd period - Wrist shot by Filip Forsberg.
14:27 of 3rd period - Shot Blocked by Jordan Eberle.
14:29 of 3rd period - Wrist shot by Adam Henrique.
14:29 of 3rd period - Shot Misses the Net.
14:31 of 3rd period - Slapshot by Seth Jones.
14:31 of 3rd period - Shot Misses the Net.
14:33 of 3rd period - Slapshot by Seth Jones.
14:33 of 3rd period - Stopped by Ondrej Pavelec without a rebound.
14:34 of 3rd period - Adam Henrique wins face-off versus Jordan Eberle in Golden Knights zone.
15:06 of 3rd period - Jacob Slavin is hit by Alexander Radulov and loses puck.
15:25 of 3rd period - David Perron is hit by Lawson Crouse and loses puck.
15:45 of 3rd period - Wrist shot by Nikolaj Ehlers.
15:45 of 3rd period - Stopped by Ondrej Pavelec with a rebound.
15:47 of 3rd period - Slapshot by Nathan MacKinnon.
15:47 of 3rd period - Shot Misses the Net.
15:49 of 3rd period - Wrist shot by David Perron.
15:49 of 3rd period - Stopped by Ondrej Pavelec without a rebound.
15:50 of 3rd period - Matt Martin wins face-off versus Steven Stamkos in Golden Knights zone.
16:25 of 3rd period - Snap shot by Alexander Radulov.
16:25 of 3rd period - Shot Misses the Net.
16:27 of 3rd period - Snap shot by Jamie Oleksiak.
16:27 of 3rd period - Stopped by Carey Price with a rebound.
16:29 of 3rd period - Slapshot by Jamie Oleksiak.
16:29 of 3rd period - Stopped by Carey Price with a rebound.
16:48 of 3rd period - Slapshot by Samuel Morin.
16:48 of 3rd period - Stopped by Ondrej Pavelec without a rebound.
16:49 of 3rd period - Drew Shore wins face-off versus Steven Stamkos in Golden Knights zone.
17:16 of 3rd period - Jamie Benn is hit by Adam Henrique and loses puck.
17:25 of 3rd period - Snap shot by Tom Wilson.
17:25 of 3rd period - Stopped by Carey Price with a rebound.
17:45 of 3rd period - Slapshot by Alex Pietrangelo.
17:45 of 3rd period - Shot Misses the Net.
18:55 of 3rd period - Andrew Cogliano is hit by Alex Pietrangelo and loses puck.
19:15 of 3rd period - Brandon Montour is hit by Steven Stamkos and loses puck.
Goals for this period are 0 for Blues vs 0 for Golden Knights.
Shots for this period are 11 for Blues vs 11 for Golden Knights.
Overtime #1
0:01 of 1st overtime period - Steven Stamkos wins face-off versus Adam Henrique in neutral zone.
0:04 of 1st overtime period - Slapshot by Zach Bogosian.
0:04 of 1st overtime period - Stopped by Carey Price with a rebound.
0:06 of 1st overtime period - Snap shot by Jake Guentzel.
0:06 of 1st overtime period - Shot Misses the Net.
0:08 of 1st overtime period - Slapshot by Zach Bogosian.
0:08 of 1st overtime period - Shot Misses the Net.
0:10 of 1st overtime period - Snap shot by Jake Guentzel.
0:10 of 1st overtime period - Shot Misses the Net.
0:16 of 1st overtime period - Wrist shot by Jake Guentzel.
0:16 of 1st overtime period - Stopped by Carey Price with a rebound.
0:37 of 1st overtime period - Slapshot by Andrew Cogliano.
0:37 of 1st overtime period - Stopped by Carey Price with a rebound.
1:19 of 1st overtime period - Snap shot by Samuel Morin.
1:19 of 1st overtime period - Stopped by Ondrej Pavelec without a rebound.
1:20 of 1st overtime period - Filip Forsberg wins face-off versus Steven Stamkos in Golden Knights zone.
1:47 of 1st overtime period - Brandon Montour is hit by Andrew Cogliano and loses puck.
2:05 of 1st overtime period - Icing by Andrew Cogliano.
2:06 of 1st overtime period - Kyle Rau wins face-off versus Drew Shore in Golden Knights zone.
2:41 of 1st overtime period - Snap shot by Filip Forsberg.
2:41 of 1st overtime period - Shot Misses the Net.
2:57 of 1st overtime period - Snap shot by Nikolaj Ehlers.
2:57 of 1st overtime period - Deflect By Nathan MacKinnon.
2:57 of 1st overtime period - Shot Misses the Net.
2:57 of 1st overtime period - Puck is out of play.
2:58 of 1st overtime period - Andrei Loktionov wins face-off versus Nathan MacKinnon in Golden Knights zone.
3:30 of 1st overtime period - Alex Pietrangelo is hit by Alexander Radulov and loses puck.
3:47 of 1st overtime period - Wrist shot by Andrei Loktionov.
3:47 of 1st overtime period - Stopped by Carey Price without a rebound.
3:48 of 1st overtime period - Tyler Johnson wins face-off versus Steven Stamkos in Blues zone.
3:48 of 1st overtime period - Tyler Johnson is hit by Steven Stamkos.
3:59 of 1st overtime period - Off-side.
4:00 of 1st overtime period - Steven Stamkos wins face-off versus Tyler Johnson in neutral zone.
4:13 of 1st overtime period - Jake Guentzel is hit by Tyler Johnson and loses puck.
4:32 of 1st overtime period - Slapshot by Mathew Dumba.
4:32 of 1st overtime period - Stopped by Carey Price without a rebound.
4:33 of 1st overtime period - Nathan MacKinnon wins face-off versus Kyle Rau in Blues zone.
4:33 of 1st overtime period - Nathan MacKinnon is hit by Kyle Rau.
4:59 of 1st overtime period - Filip Forsberg is hit by Jordan Eberle and loses puck.
5:54 of 1st overtime period - Wrist shot by Kyle Rau.
5:54 of 1st overtime period - Stopped by Carey Price with a rebound.
6:18 of 1st overtime period - Slapshot by Luke Glendening.
6:18 of 1st overtime period - Shot Blocked by Linus Omark.
6:53 of 1st overtime period - Slapshot by Seth Jones.
6:53 of 1st overtime period - Shot Misses the Net.
7:35 of 1st overtime period - Snap shot by Zach Bogosian.
7:35 of 1st overtime period - Shot Misses the Net.
8:02 of 1st overtime period - Snap shot by Alexander Radulov.
8:02 of 1st overtime period - Shot Blocked by Alex Pietrangelo.
8:04 of 1st overtime period - Wrist shot by Andrew Cogliano.
8:04 of 1st overtime period - Shot Misses the Net.
8:14 of 1st overtime period - Jordan Eberle is hit by Matt Martin and loses puck.
8:23 of 1st overtime period - Snap shot by Steven Stamkos.
8:23 of 1st overtime period - Stopped by Carey Price without a rebound.
8:24 of 1st overtime period - Nathan MacKinnon wins face-off versus Andrei Loktionov in Blues zone.
8:50 of 1st overtime period - Icing by Andrew Cogliano.
8:51 of 1st overtime period - Adam Henrique wins face-off versus Steven Stamkos in Golden Knights zone.
9:06 of 1st overtime period - Slapshot by Zach Bogosian.
9:06 of 1st overtime period - Stopped by Carey Price without a rebound.
9:07 of 1st overtime period - Andrei Loktionov wins face-off versus Nathan MacKinnon in Blues zone.
9:16 of 1st overtime period - Slapshot by Alex Pietrangelo.
9:16 of 1st overtime period - Stopped by Ondrej Pavelec without a rebound.
9:17 of 1st overtime period - Nathan MacKinnon wins face-off versus Andrei Loktionov in Golden Knights zone.
10:12 of 1st overtime period - Alexander Radulov is hit by David Perron and loses puck.
10:41 of 1st overtime period - Wrist shot by David Perron.
10:41 of 1st overtime period - Stopped by Ondrej Pavelec with a rebound.
10:43 of 1st overtime period - Snap shot by David Perron.
10:43 of 1st overtime period - Shot Misses the Net.
10:45 of 1st overtime period - Slapshot by Alex Pietrangelo.
10:45 of 1st overtime period - Stopped by Ondrej Pavelec with a rebound.
11:58 of 1st overtime period - Off-side.
11:59 of 1st overtime period - Steven Stamkos wins face-off versus Adam Henrique in neutral zone.
12:06 of 1st overtime period - Snap shot by Steven Stamkos.
12:06 of 1st overtime period - Stopped by Carey Price without a rebound.
12:07 of 1st overtime period - Adam Henrique wins face-off versus Steven Stamkos in Blues zone.
12:42 of 1st overtime period - Minor Penalty to Steven Stamkos for Interference.
12:43 of 1st overtime period - Kyle Rau wins face-off versus Adam Henrique in Golden Knights zone.
13:25 of 1st overtime period - Tomas Nosek is hit by Linus Omark and loses puck.
14:42 of 1st overtime period - Penalty to Steven Stamkos is over, Steven Stamkos is back on ice.
14:49 of 1st overtime period - Snap shot by Steven Stamkos.
14:49 of 1st overtime period - Shot Misses the Net.
14:51 of 1st overtime period - Snap shot by Steven Stamkos.
14:51 of 1st overtime period - Stopped by Carey Price with a rebound.
16:35 of 1st overtime period - Icing by Jacob Slavin.
16:36 of 1st overtime period - Tomas Nosek wins face-off versus Devin Setoguchi in Blues zone.
16:39 of 1st overtime period - Snap shot by Luke Glendening.
16:39 of 1st overtime period - Stopped by Carey Price with a rebound.
17:09 of 1st overtime period - Slapshot by Seth Jones.
17:09 of 1st overtime period - Stopped by Ondrej Pavelec with a rebound.
17:39 of 1st overtime period - Slapshot by Filip Forsberg.
17:39 of 1st overtime period - Stopped by Ondrej Pavelec with a rebound.
17:49 of 1st overtime period - Zach Bogosian is hit by Nikolaj Ehlers and loses puck.
18:08 of 1st overtime period - Mathew Dumba is hit by Devin Setoguchi and loses puck.
18:13 of 1st overtime period - Snap shot by Matt Martin.
18:13 of 1st overtime period - Shot Misses the Net.
18:15 of 1st overtime period - Snap shot by Devin Setoguchi.
18:15 of 1st overtime period - Stopped by Ondrej Pavelec with a rebound.
19:45 of 1st overtime period - Wrist shot by Drew Shore.
19:45 of 1st overtime period - Stopped by Ondrej Pavelec without a rebound.
19:46 of 1st overtime period - Tyler Johnson wins face-off versus Steven Stamkos in Golden Knights zone.
19:47 of 1st overtime period - Snap shot by Adam Henrique.
19:47 of 1st overtime period - Shot Blocked by Anton Lindholm.
19:49 of 1st overtime period - Snap shot by Filip Forsberg.
19:49 of 1st overtime period - Shot Hit the Post.
19:57 of 1st overtime period - Snap shot by Tyler Johnson.
19:57 of 1st overtime period - Stopped by Ondrej Pavelec without a rebound.
19:58 of 1st overtime period - Jordan Eberle wins face-off versus Adam Henrique in Golden Knights zone.
Goals for this period are 0 for Blues vs 0 for Golden Knights.
Shots for this period are 9 for Blues vs 11 for Golden Knights.
Overtime #2
0:01 of 2nd overtime period - Steven Stamkos wins face-off versus Adam Henrique in neutral zone.
0:16 of 2nd overtime period - Snap shot by Steven Stamkos.
0:16 of 2nd overtime period - Stopped by Carey Price without a rebound.
0:17 of 2nd overtime period - Nathan MacKinnon wins face-off versus Andrei Loktionov in Blues zone.
0:44 of 2nd overtime period - Jake Guentzel is hit by Seth Jones.
1:08 of 2nd overtime period - Slapshot by Devin Setoguchi.
1:08 of 2nd overtime period - Stopped by Ondrej Pavelec with a rebound.
1:55 of 2nd overtime period - Wrist shot by Alexander Radulov.
1:55 of 2nd overtime period - Stopped by Carey Price with a rebound.
2:34 of 2nd overtime period - Alex Pietrangelo is hit by Tom Wilson and loses puck.
5:11 of 2nd overtime period - Jake Guentzel is hit by Danton Heinen and loses puck.
5:28 of 2nd overtime period - Devin Setoguchi is hit by Anton Lindholm and loses puck.
5:37 of 2nd overtime period - Anton Lindholm is hit by Drew Shore and loses puck.
5:48 of 2nd overtime period - Slapshot by Luke Glendening.
5:48 of 2nd overtime period - Goal by Luke Glendening - Blues : 2 - Golden Knights : 3.
Goals for this period are 0 for Blues vs 1 for Golden Knights.
Shots for this period are 1 for Blues vs 3 for Golden Knights.